 Dungeon Crawl Stone Soup version 0.24-a0-446-g87df720 (webtiles) character file.

Game seed: 5477719042800745789

555 r3xj the Cudgeler (level 7, -2/41 HPs)
             Began as a Gargoyle Fighter on June 25, 2019.
             Slain by a scorpion (4 damage)
             ... on level 4 of the Dungeon.
             The game lasted 00:06:59 (2857 turns).

r3xj the Cudgeler (Gargoyle Fighter)                Turns: 2857, Time: 00:07:00

Health: -2/41      AC: 13    Str: 20    XL:     7   Next: 30%
Magic:  7/7        EV:  9    Int:  9    God:
Gold:   121        SH:  9    Dex: 10    Spells: 6/6 levels left

rFire    + . .     SeeInvis .   a - +0 flail
rCold    + . .     Gourm    +   c - +0 shield
rNeg     + . .     Faith    .   b - +0 scale mail
rPois    ∞         Spirit   .   p - +0 helmet
rElec    +         Reflect  .   i - scarf {rC+ rF+}
rCorr    .         Harm     .   h - +0 pair of gloves
MR       .....                  (no boots)
Stlth    ..........             y - amulet of the gourmand
HPRegen  0.13/turn              m - +2 ring of evasion
MPRegen  0.10/turn              u - ring of poison resistance

@: no status effects
A: negative energy resistance 1, electricity resistance, unbreathing,
petrification resistance, rot immunity, AC +4
a: no special abilities


You were on level 4 of the Dungeon.
You were completely stuffed.

You visited 1 branch of the dungeon, and saw 4 of its levels.

You collected 121 gold pieces.

Inventory:

Hand Weapons
 a - a +0 flail (weapon)
 x - a +2 rapier of electrocution
Missiles
 A - 28 poisoned darts (quivered)
 D - 7 atropa-tipped darts
Armour
 b - a +0 scale mail (worn)
 c - a +0 shield (worn)
 h - a +0 pair of gloves (worn)
 i - a scarf of resistance (worn)
 o - a cursed +0 leather armour
 p - a +0 helmet (worn)
Jewellery
 m - a +2 ring of evasion (left hand)
 u - a ring of poison resistance (right hand)
 y - an amulet of the gourmand (around neck)
Wands
 C - a wand of polymorph (6)
Scrolls
 g - 3 scrolls of teleportation {unknown}
 j - a scroll of amnesia {unknown}
 k - 7 scrolls of identify {unknown}
 q - 2 scrolls of remove curse {unknown}
 r - 2 scrolls of enchant weapon {unknown}
 s - a scroll of magic mapping {unknown}
 B - 2 scrolls of blinking {unknown}
Potions
 e - a potion of haste {unknown}
 l - 2 potions of curing {unknown}
 n - 2 potions of cancellation {unknown}
 t - a potion of brilliance {unknown}
 v - 2 potions of heal wounds {unknown}
 w - a potion of agility {unknown}
 z - a potion of degeneration {unknown}
 F - a potion of mutation {unknown}
Comestibles
 f - 3 rations
 E - 3 chunks of flesh


   Skills:
 - Level 3.2 Fighting
 + Level 7.8 Maces & Flails
 - Level 3.2 Armour
 - Level 3.2 Shields


You had 6 spell levels left.
You didn't know any spells.
Your spell library was empty.

Dungeon Overview and Level Annotations

Branches:
Dungeon (4/15)
 Temple: D:4-7

Altars:
Ashenzari
Dithmenos
Fedhas
Ru
Sif Muna


Innate Abilities, Weirdness & Mutations

You are resistant to torment.
Your stone body is resilient. (AC +4)
You are immune to poison.
You resist negative energy. (rN+)
You are resistant to electric shocks. (rElec)
You can survive without breathing.
You are immune to petrification.
You are immune to rotting.


Message History

The worker ant bites you but does no damage.
The leopard gecko bites you but does no damage.
You miss the leopard gecko. The worker ant closely misses you.
The leopard gecko bites you but does no damage.
You sock the leopard gecko!
You kill the leopard gecko!
The worker ant closely misses you. The worker ant bites you.
* * * LOW HITPOINT WARNING * * *
You thump the worker ant!
You kill the worker ant!
You barely miss the scorpion. You block the scorpion's attack.
You sock the scorpion!
The scorpion is heavily wounded.
The scorpion stings you but does no damage.
You hit the scorpion.
The scorpion is heavily wounded.
The scorpion stings you.
* * * LOW HITPOINT WARNING * * *
The scorpion stings you.
You die...

###...###...###.(.... #########
#.......#.###........
........#####........o..###......
#######.............#.....###....
#..###.##...###.###..o###..
#######..# #.##...# #.. ###......
.^.......# #[###.## #..o ###....
#######.## #.# #)# #.... ###..
...# #.# #.# #@# #..... ... ##.#
#.# #.# #s# #...### ... ...# #.#
... #.# ..# #.......) ... ..o.
........# ... #. .##.#.### .....
.# .#.# #...# .# .# # ..... . .#


You could see a scorpion.

Vanquished Creatures
  2 howler monkeys (D:4)
  A hound (D:4)
  3 orc priests
  4 orc wizards
  5 worker ants (D:4)
  5 adders
  2 dart slugs
  3 leopard geckos
  10 orcs
  2 bats
  4 giant cockroaches
  12 goblins
  4 hobgoblins
  A quokka (D:2)
  2 ball pythons
  5 frilled lizards
  A jackal skeleton (D:4)
  5 kobolds
  19 rats
90 creatures vanquished.

Notes
Turn   | Place    | Note
-------+----------+-------------------------------------------
     0 | D:1      | r3xj the Gargoyle Fighter began the quest for the Orb.
     0 | D:1      | Reached XP level 1. HP: 14/14 MP: 1/1
    81 | D:1      | Reached XP level 2. HP: 14/19 MP: 2/2
   266 | D:1      | Reached skill level 3 in Maces & Flails
   434 | D:1      | Reached XP level 3. HP: 23/23 MP: 3/3
   847 | D:2      | Reached skill level 4 in Maces & Flails
  1375 | D:3      | Reached XP level 4. HP: 28/28 MP: 4/4
  1615 | D:3      | Reached skill level 5 in Maces & Flails
  1615 | D:3      | Reached XP level 5. HP: 15/32 MP: 5/5
  1912 | D:3      | Found a blossoming altar of Fedhas.
  2174 | D:3      | Found a shattered altar of Ashenzari.
  2176 | D:3      | Found a shadowy altar of Dithmenos.
  2177 | D:3      | Found a sacrificial altar of Ru.
  2306 | D:3      | Found a deep blue altar of Sif Muna.
  2396 | D:3      | Reached skill level 6 in Maces & Flails
  2677 | D:4      | Reached XP level 6. HP: 30/37 MP: 6/6
  2817 | D:4      | Reached skill level 7 in Maces & Flails
  2823 | D:4      | Reached XP level 7. HP: 20/41 MP: 7/7
  2857 | D:4      | HP: 2/41 [scorpion (4)]
  2857 | D:4      | Slain by a scorpion

Levels and vault maps discovered:
D:1:      erik_arrival_orb_chamber, layout_rooms, corexii_leaking_fountain,
          due_unseen_surprise
D:2:      layout_loops_ring
D:3:      layout_basic, minitemple, first_ration, lemuel_blue_sif_altar
D:4:      layout_loops_ring, minmay_unequal

Skill      XL: |  1  2  3  4  5  6 |
---------------+-------------------+-----
Maces & Flails | 3 4 5 6 7 |  7.8
Fighting       | |  3.2
Armour         | |  3.2
Shields        | |  3.2

Action                   |  1- 3 |  4- 6 |  7- 9 || total
-------------------------+-------+-------+-------++-------
Melee: Flail             |   134 |   172 |    34 ||   340
       Unarmed           |       |    15 |       ||    15
  Use: Potion            |       |     1 |       ||     1
  Eat: Chunk             |     2 |    13 |       ||    15
Armor: Scale mail        |    61 |    87 |    33 ||   181
Dodge: Dodged            |    39 |    90 |     7 ||   136
Block: Shield            |    67 |   108 |    20 ||   195

Table legend:
 A = Non-vault XP
 B = Vault XP
 C = Vault XP percentage of total XP
 D = Non-vault monster count
 E = Vault monster count
 F = Vault count percentage of total count
                 A         B        C        D         E       F
            +---------+---------+-------+---------+---------+-------
      Total |     750 |      44 |   5.5 |      77 |      13 |  14.4
            +---------+---------+-------+---------+---------+-------
        D:1 |      31 |      12 |  27.9 |      18 |      12 |  40.0
        D:2 |     127 |       0 |   0.0 |      24 |       0 |   0.0
        D:3 |     147 |       0 |   0.0 |      18 |       0 |   0.0
        D:4 |     445 |      32 |   6.7 |      17 |       1 |   5.6
            +---------+---------+-------+---------+---------+-------
